 Dungeon Crawl Stone Soup version 0.28-a0-10-g964c8b829e (webtiles) character file.

Game seed: 1428652656530513638

107 Lekart the Skirmisher (level 4, 0/41 HPs)
             Began as a Draconian Chaos Knight on July 13, 2021.
             Was a Plaything of Xom.
             Slain by Grinder (5 damage)
             ... on level 3 of the Dungeon on July 25, 2021.
             The game lasted 00:02:55 (2614 turns).

Lekart the Skirmisher (Draconian Chaos Knight)      Turns: 2614, Time: 00:02:56

Health: 0/41       AC:  5    Str: 15    XL:     4   Next: 57%
Magic:  4/4        EV: 12    Int: 14    God:    Xom [....*.]
Gold:   114        SH:  0    Dex: 13    Spells: 3/3 levels left

rFire   . . .      SeeInvis .   a - +0 falchion (chaos)
rCold   + + .      Faith    .   (no shield)
rNeg    . . .      Spirit   .   (armour unavailable)
rPois   .          Reflect  .   (helmet restricted)
rElec   .          Harm     .   (no cloak)
rCorr   .          Rampage  .   (no gloves)
Will    .....                   (no boots)
Stlth   ++........              (no amulet)
HPRegen 0.00/turn               (no ring)
MPRegen 0.09/turn               (no ring)

@: brilliant, unable to read, attractive, inhibited regen
A: AC +5, unfitting armour, cold-blooded, hooves 1, horns 1, stinger 3, thin
skeletal structure 1, clever 1, cold resistance 2, inhibited regeneration,
inability to read while threatened
a: Renounce Religion


You were on level 3 of the Dungeon.
You worshipped Xom.
You were a beloved toy of Xom.
You visited 1 branch of the dungeon, and saw 3 of its levels.

You collected 114 gold pieces.

Inventory:

Hand Weapons
 a - a +0 falchion of chaos (weapon)
Scrolls
 c - 3 scrolls of identify {unknown}
 d - a scroll of silence {unknown}
 f - 2 scrolls of noise {unknown}
 i - a scroll of blinking {unknown}
Potions
 e - a potion of mutation
 h - a potion of might {unknown}


   Skills:
 * Level 4.7 Fighting
 + Level 3.8 Long Blades
 + Level 2.7 Dodging
 + Level 0.6 Stealth


You had 3 spell levels left.
You didn't know any spells.
Your spell library contained the following spells:

 Spells                   Type           Power      Damage    Failure   Level
 Sublimation of Blood     Necr           0%         N/A       41%         2
 Petrify                  Tmut/Erth      0%         N/A       96%         4
 Irradiate                Conj/Tmut      0%         3d13      100%        5


Dungeon Overview and Level Annotations

Branches:
Dungeon (3/15)

Altars:
Ashenzari

Annotations:
D:3 Grinder


Innate Abilities, Weirdness & Mutations

Your plain brown scales are hard. (AC +5)
You cannot fit into any form of body armour.
You are cold-blooded and may be slowed by cold attacks.
You have large cloven feet.
You have a pair of small horns on your head.
Your tail ends in a wickedly sharp and poisonous barb.
You have a somewhat thin skeletal structure. (Dex +2, Stealth+)
Your mind is acute. (Int +2)
Your flesh is very cold resistant. (rC++)
You do not regenerate when monsters are visible.
You sometimes lose the ability to read scrolls when taking damage.


Message History

You hit Grinder. Your kick misses Grinder.
Grinder is moderately wounded.
Grinder zaps a wand.
The puff of flame hits you!
You hit Grinder but do no damage. You kick Grinder.
Grinder is heavily wounded.
Grinder gestures at you.
You suddenly lose the ability to move!
Grinder hits you but does no damage. Grinder gestures at you.
Pain shoots through your body! Grinder hits you.
* * * LOW HITPOINT WARNING * * *
You can move again.
Unknown command.
You hit Grinder. You kick Grinder, but do no damage.
Grinder is heavily wounded.
Grinder blinks!
Grinder gestures at you.
You shrug off the repeated paralysis!
You hit Grinder but do no damage.
Grinder is heavily wounded.
Grinder hits you.
* * * LOW HITPOINT WARNING * * *
You writhe in agony.
* * * LOW HITPOINT WARNING * * *
It was a potion of attraction.
You feel attractive to monsters.
Xom thinks this is hilarious!
Grinder blinks!
Grinder is pulled toward you!
It was a potion of mutation.
You feel extremely strange.
Your hooves look more like feet.
You feel slightly disoriented.
Your regeneration stops near monsters.
You lose the ability to read scrolls when threatened.
Grinder is pulled toward you!
It was a potion of brilliance.
You feel clever all of a sudden. Grinder hits you.
You feel threatened and lose the ability to read scrolls!
You die...
Xom roars with laughter!

### ** #.. , #.# * * * #.# *
..
####################.###....
............................
#####.....######@###.###...
#............##5# #.#**
#.##.....###.##.# #.# ,, ,,
#.##.....# #.##.# #.#
#.##.....# #.##.###(#
#.#..)...# #........#,
#.#......# ####.##### * *
#.#.))).######.###### , ,
##.#.....#8^..#†#....#, , ,


You could see Grinder.

Vanquished Creatures
  An orc wizard (D:3)
  2 adders (D:2)
  2 worms (D:2)
  A dart slug (D:2)
  4 orcs (D:3)
  2 ball pythons
  3 endoplasms
  5 giant cockroaches (D:1)
  6 goblins
  3 hobgoblins
  6 kobolds
  3 quokkas
  6 bats
  4 frilled lizards
  3 rats
51 creatures vanquished.

Notes
Turn   | Place    | Note
-------+----------+-------------------------------------------
     0 | D:1      | Lekart the Draconian Chaos Knight began the quest for the
                  | Orb.
     0 | D:1      | Reached XP level 1. HP: 19/19 MP: 1/1
    95 | D:1      | XOM: silly message
    96 | D:1      | XOM: silly message
   232 | D:1      | XOM: divination: magic mapping
   334 | D:1      | XOM: silly message
   367 | D:1      | Upgraded the game from 0.27-a0-1545-g3eddc1d3d3 to
                  | 0.28-a0-10-g964c8b829e
   393 | D:1      | Reached XP level 2. HP: 26/26 MP: 2/2
   509 | D:1      | Reached skill level 4 in Fighting
   776 | D:1      | XOM: give mutations
   776 | D:1      | Gained mutation: You are weak. (Str -2) [Xom's mischief]
   776 | D:1      | Gained mutation: You have large cloven feet. [Xom's
                  | mischief]
   831 | D:1      | Reached XP level 3. HP: 31/33 MP: 3/3
  1077 | D:1      | XOM: divination: detect items
  1312 | D:2      | XOM: smoke on damage
  1344 | D:2      | XOM: give mutations
  1344 | D:2      | Gained mutation: Your flesh is cold resistant. (rC+) [Xom's
                  | grace]
  1344 | D:2      | Gained mutation: Your tail ends in a poisonous barb. [Xom's
                  | grace]
  1344 | D:2      | Gained mutation: You have hoof-like feet. [Xom's grace]
  1344 | D:2      | Gained mutation: Your flesh is very cold resistant. (rC++)
                  | [Xom's grace]
  1479 | D:2      | Found a broken altar of Ashenzari.
  1558 | D:2      | XOM: god gift: leather armour {god gift}
  1667 | D:2      | XOM: give mutations
  1667 | D:2      | Gained mutation: Your mind is acute. (Int +2) [Xom's grace]
  1667 | D:2      | Gained mutation: Your tail ends in a sharp poisonous barb.
                  | [Xom's grace]
  1667 | D:2      | Gained mutation: Your tail ends in a wickedly sharp and
                  | poisonous barb. [Xom's grace]
  1828 | D:2      | XOM: scenery: summon butterflies
  1873 | D:2      | XOM: torment (18/34 hp)
  2138 | D:3      | XOM: butterfly on damage
  2195 | D:2      | XOM: give mutations
  2195 | D:2      | Lost mutation: You are weak. (Str -2) [Xom's grace]
  2195 | D:2      | Gained mutation: You passively map a small area around you.
                  | [Xom's grace]
  2195 | D:2      | Gained mutation: You have a somewhat thin skeletal
                  | structure. (Dex +2, Stealth+) [Xom's grace]
  2195 | D:2      | Gained mutation: You have a pair of small horns on your
                  | head. [Xom's grace]
  2339 | D:3      | Reached XP level 4. HP: 40/41 MP: 4/4
  2557 | D:3      | Found a faded altar of an unknown god.
  2598 | D:3      | Noticed Grinder
  2605 | D:3      | Paralysed by Grinder for 4 turns
  2613 | D:3      | Lost mutation: You have hoof-like feet. [potion of
                  | mutation]
  2613 | D:3      | Lost mutation: You passively map a small area around you.
                  | [potion of mutation]
  2613 | D:3      | Gained mutation: You do not regenerate when monsters are
                  | visible. [potion of mutation]
  2613 | D:3      | Gained mutation: You sometimes lose the ability to read
                  | scrolls when taking damage. [potion of mutation]
  2614 | D:3      | Slain by Grinder

Illustrated notes

Levels and vault maps discovered:
D:1:      sevenhm_arrival_forest_fort_small_3, layout_basic,
          minmay_worlds_worst_comb
D:2:      layout_loops_ring, basic_altar
D:3:      layout_basic, shapermc_ecumenical_altar_mp_highgroup, serial_shops,
          shop, uniq_grinder

Skill      XL: |  1  2 |
---------------+-------+-----
Fighting       | 4 |  4.7
Long Blades    | |  3.8
Dodging        | |  2.7
Stealth        | |  0.6

Action                   |  1- 3 |  4- 6 || total
-------------------------+-------+-------++-------
Melee: Falchion          |   107 |    23 ||   130
       Tailslap          |    14 |       ||    14
       Kick              |    10 |     9 ||    19
       Headbutt          |       |     2 ||     2
  Use: Potion            |       |     3 ||     3
 Stab: Sleeping          |     2 |       ||     2
Armor: Skin              |    39 |     7 ||    46
Dodge: Dodged            |    55 |    14 ||    69
       Rpst.: Falchion   |    18 |     4 ||    22

Table legend: (Time is in decaauts)
 A = Elapsed time spent in this place.
 B = Non-inter-level travel time spent in this place.
 C = Inter-level travel time spent in this place.
 D = Time resting spent in this place.
 E = Time spent auto-exploring this place.
 F = Levels seen in this place.
 G = Mean time per level.
                   A        B        C        D        E       F      G
               +--------+--------+--------+--------+--------+-----+--------+
         Total |   2632 |   2543 |     89 |    136 |   2045 |   3 |  877.3 |
       Dungeon |   2632 |   2543 |     89 |    136 |   2045 |   3 |  877.3 |
               +--------+--------+--------+--------+--------+-----+--------+

Top non-repeatable levels by time:
     D:1: 1196 daAuts
     D:2: 1106 daAuts
     D:3: 330 daAuts
